Map: Emerald City LE

Players

Durzo

  • Race: Zerg Zerg
  • Spawn Location: 5:00

Macao

  • Race: Protoss Protoss
  • League: Gold
  • Spawn Location: 5:00

Massa - Winner!

  • Race: Terran Terran
  • League: Platinum
  • Spawn Location: 11:00

qqq - Winner!

  • Race: Zerg Zerg
  • Spawn Location: 11:00

VOD

Have the link to the VOD?

Description

Time

  • Played on: Oct. 4, 2020, 3:44 p.m.
  • Length: 21:20
Show
View Real Time Build Order
Export as new Build Order

Durzo Zerg 

Build Orders: Hatch First 

Get SALT Encoding   

  12  0:01  Drone  
  13  0:08  Drone  
  14  0:18  Overlord  
  14  0:37  Drone  
  14  0:38  Drone x2  
  17  0:57  Hatchery  
  17  0:58  Extractor  
  15  1:09  Spawning Pool  
  14  1:12  Drone  
  14  1:17  Drone  
  16  1:26  Drone x2  
  18  1:37  Drone  
  19  1:54  Drone  
  20  2:07  Spine Crawler, Queen  
  21  2:12  Drone  
  21  2:14  Queen  
  24  2:17  Overlord  
  24  2:20  Metabolic Boost  
  24  2:38  Drone x2  
  26  2:54  Drone x2  
  26  2:55  Drone x3  
  33  3:06  Spine Crawler  
  33  3:12  Lair  
  30  3:17  Extractor  
  30  3:18  Roach Warren  
  28  3:23  Evolution Chamber  
  28  3:25  Drone x2  
  28  3:26  Drone  
  30  3:28  Evolution Chamber  
  29  3:40  Spine Crawler  
  28  3:44  Drone x3  
  28  3:45  Drone  
  32  3:56  Drone x4  
  32  4:00  Extractor  
  35  4:05  Zerg Ground Armor Level 1  
  35  4:10  Overlord  
  35  4:16  Zerg Missile Weapons Level 1  
  35  4:25  Infestation Pit  
  35  4:26  Drone x2  
  35  4:31  Drone x2  
  38  4:32  Drone x2  
  40  4:42  Extractor  
  40  4:45  Spore Crawler  
  38  4:56  Roach x3  
  38  4:57  Overlord  
  44  5:02  Overlord  
  39  5:39  Roach  
  39  5:40  Roach x5  
  39  5:41  Roach x4  
  59  6:00  Drone  
  59  6:02  Overlord x3  
  60  6:08  Overlord  
  60  6:09  Overlord x2  
  60  6:20  Zerg Melee Weapons Level 1  
  60  6:26  Hive  
  60  6:47  Hatchery  
  46  7:21  Zergling x10  
  46  7:22  Zergling x2  
  48  7:47  Ultralisk Cavern  
  48  7:48  Drone, Hydralisk Den  
  48  7:49  Drone x3  
  51  7:58  Drone x2  
  52  8:07  Queen  
  54  8:24  Hatchery  
  53  8:27  Drone  
  53  8:28  Drone x2  
  53  8:33  Hydralisk x3  
  62  8:38  Grooved Spines  
  62  8:40  Zerg Melee Weapons Level 2  
  62  8:43  Chitinous Plating  
  62  8:46  Ultralisk  
  68  8:58  Ultralisk  
  74  9:11  Queen  
  74  9:16  Drone  
  74  9:17  Drone x4  
  81  9:33  Spore Crawler  
  81  9:35  Spore Crawler  
  81  9:36  Hydralisk x3  
  85  9:44  Zerg Ground Armor Level 2  
  85  9:56  Zergling x10  
  85  9:57  Zergling x2  
  91  10:02  Spine Crawler  
  90  10:08  Spine Crawler  
  89  10:22  Ultralisk  
  89  10:24  Drone x3  
  90  10:54  Ultralisk x2  
  86  11:06  Zergling x2  
  86  11:07  Zergling x10  
  86  11:08  Zergling x8  
  88  11:58  Ultralisk  
  88  11:59  Ultralisk  
  88  12:00  Zergling x12  
  106  12:13  Hatchery, Overlord  
  106  12:14  Overlord x3  
  105  12:26  Adrenal Glands  
  105  12:27  Anabolic Synthesis  
  105  12:34  Drone x4  
  109  12:47  Extractor  
  109  12:50  Extractor  
  107  12:55  Ultralisk  
  107  12:56  Hydralisk  
  93  13:28  Ultralisk  
  93  13:29  Zergling x6  
  93  13:30  Zergling x12  
  93  13:31  Zergling x8  
  95  14:06  Ultralisk  
  95  14:08  Zergling x8  
  95  14:09  Zergling x8  
  54  14:36  Zergling x2  
  54  14:37  Zergling x8  
  53  14:45  Roach x2  
  52  14:46  Roach x2  
  55  14:55  Ultralisk  
  55  14:56  Roach  
  36  15:17  Ultralisk  
  32  15:25  Roach  
  32  15:26  Roach  
  28  15:39  Zergling x6  
  12  16:20  Drone x3  
  8  16:48  Drone x2  
  7  17:10  Drone  
  7  17:11  Drone  
  10  17:22  Drone  
  8  17:42  Drone x2  
  4  19:28  Hatchery  
  2  19:42  Hatchery  
  2  20:42  Drone  
Show
View Real Time Build Order
Export as new Build Order

Macao Protoss 

Build Orders: Carriers 

Get SALT Encoding   

  12  0:00  Probe  
  13  0:12  Probe  
  14  0:21  Pylon  
  14  0:25  Probe  
  15  0:39  Probe (Chrono Boost), Gateway  
  16  0:49  Assimilator  
  17  0:50  Probe (Chrono Boost)  
  17  0:55  Probe (Chrono Boost)  
  18  1:05  Probe (Chrono Boost)  
  19  1:15  Probe (Chrono Boost)  
  20  1:23  Probe  
  21  1:28  Cybernetics Core  
  21  1:35  Probe, Assimilator  
  21  1:38  Pylon  
  22  1:47  Probe  
  23  1:59  Probe  
  24  2:02  Nexus  
  24  2:08  Stalker  
  24  2:11  Probe (Chrono Boost)  
  24  2:14  Warp Gate  
  28  2:23  Probe (Chrono Boost)  
  28  2:29  Probe (Chrono Boost)  
  29  2:37  Probe  
  30  2:49  Stalker  
  30  2:50  Pylon  
  31  2:54  Stargate  
  31  3:08  Probe  
  31  3:09  Pylon  
  31  3:11  Pylon  
  32  3:20  Probe (Chrono Boost)  
  32  3:21  Probe (Chrono Boost)  
  34  3:29  Assimilator  
  34  3:30  Probe (Chrono Boost), Stalker  
  34  3:31  Probe (Chrono Boost)  
  34  3:33  Assimilator  
  38  3:36  Probe x2 (Chrono Boost)  
  38  3:39  Void Ray  
  40  3:47  Probe  
  45  3:49  Probe  
  46  3:59  Probe  
  46  4:01  Probe  
  48  4:12  Probe  
  48  4:13  Probe  
  48  4:16  Void Ray  
  50  4:24  Probe  
  55  4:25  Probe  
  55  4:26  Stargate  
  56  4:36  Probe  
  56  4:37  Probe, Cybernetics Core  
  58  4:40  Pylon  
  58  4:41  Protoss Air Weapons Level 1 (Chrono Boost)  
  58  4:48  Probe  
  58  4:49  Probe  
  60  4:53  Void Ray  
  64  5:00  Probe  
  64  5:01  Probe  
  64  5:04  Void Ray  
  66  5:12  Probe  
  71  5:31  Protoss Air Armor Level 1  
  71  5:37  Void Ray  
  75  5:51  Probe x2  
  77  6:01  Nexus, Fleet Beacon  
  77  6:05  Pylon  
  77  6:08  Pylon  
  77  6:13  Pylon  
  77  6:16  Pylon  
  77  6:17  Void Ray  
  77  6:20  Assimilator  
  77  6:24  Assimilator  
  81  6:33  Void Ray  
  85  6:48  Probe x2  
  87  6:59  Void Ray  
  87  7:00  Probe x2  
  75  7:10  Void Ray  
  75  7:12  Probe x2  
  71  7:24  Probe x2  
  73  7:36  Probe x2, Void Ray  
  75  7:39  Flux Vanes  
  79  7:47  Void Ray  
  79  7:48  Probe x3  
  86  8:00  Probe x3  
  86  8:02  Pylon  
  89  8:12  Probe x2  
  91  8:13  Probe  
  98  8:20  Carrier  
  98  8:23  Protoss Air Weapons Level 2 (Chrono Boost)  
  98  8:24  Probe  
  98  8:25  Probe x2  
  101  8:31  Carrier  
  107  8:36  Probe  
  107  8:37  Probe x2, Stargate  
  110  9:03  Nexus  
  110  9:08  Assimilator  
  110  9:12  Assimilator  
  110  9:17  Pylon  
  110  9:19  Pylon  
  110  9:23  Twilight Council, Pylon  
  116  9:24  Carrier x2  
  116  9:28  Pylon  
  122  9:32  Pylon  
  122  9:33  Gateway  
  122  9:35  Carrier  
  122  9:37  Gateway  
  128  9:40  Gateway  
  128  9:43  Pylon  
  128  9:44  Pylon  
  128  9:46  Pylon  
  128  9:48  Pylon  
  128  9:50  Pylon  
  128  9:51  Protoss Air Armor Level 2 (Chrono Boost)  
  128  9:52  Pylon  
  128  9:53  Pylon  
  128  10:16  Probe x2  
  136  10:28  Carrier x2  
  136  10:29  Charge (Chrono Boost)  
  105  11:08  Carrier  
  111  11:24  Zealot  
  111  11:25  Zealot x3  
  119  11:32  Carrier  
  125  11:33  Carrier  
  127  12:12  Carrier  
  133  12:16  Zealot x4  
  141  12:28  Gateway  
  141  12:29  Gateway  
  141  12:32  Gateway  
  141  12:36  Gateway  
  141  12:37  Carrier x2  
  147  12:42  Stargate  
  153  12:47  Zealot x2  
  153  12:48  Zealot x2  
  161  12:53  Mothership  
  169  13:16  Carrier  
  175  13:23  Protoss Air Weapons Level 3  
  175  13:33  Zealot x4  
  175  13:34  Zealot x4  
  185  13:41  Carrier  
  177  14:03  Carrier  
  167  14:20  Carrier  
  167  14:23  Zealot x2  
  177  14:26  Zealot x3  
  177  14:27  Zealot x3  
  160  14:45  Carrier  
  142  15:16  Zealot x3  
  142  15:17  Zealot  
  142  15:18  Zealot x3  
  98  16:20  Zealot x5  
  108  16:44  Zealot x4  
Show
View Real Time Build Order
Export as new Build Order

Massa Terran - Winner!

Build Orders:  

Get SALT Encoding   

  12  0:00  SCV  
  13  0:12  SCV  
  14  0:21  Supply Depot  
  14  0:24  SCV  
  15  0:30  Refinery  
  15  0:43  SCV  
  15  0:45  Barracks  
  16  0:55  SCV  
  17  1:07  SCV  
  17  1:10  Refinery  
  18  1:19  SCV  
  19  1:31  SCV  
  20  1:33  Reaper  
  21  1:45  Command Center  
  21  1:55  Orbital Command  
  21  2:06  Marine  
  22  2:12  Supply Depot  
  22  2:20  Factory  
  22  2:24  SCV  
  23  2:34  Barracks Reactor  
  23  2:36  SCV  
  24  2:57  Orbital Command  
  23  2:58  SCV  
  24  3:07  Command Center  
  24  3:11  SCV  
  25  3:23  Starport, SCV  
  26  3:30  SCV, Supply Depot  
  26  3:31  Barracks Tech Lab  
  27  3:35  SCV  
  28  3:42  SCV  
  28  3:47  SCV  
  30  3:49  Supply Depot  
  30  3:52  Marine, Stimpack  
  30  3:53  Supply Depot  
  30  3:54  SCV  
  34  3:55  Hellion  
  34  3:59  SCV  
  34  4:00  Hellion  
  37  4:06  SCV, Medivac  
  40  4:16  Supply Depot  
  40  4:22  Hellion x2, Supply Depot  
  40  4:23  Marauder  
  46  4:28  SCV x2  
  46  4:30  Orbital Command  
  48  4:40  SCV x2  
  48  4:42  Engineering Bay  
  48  4:44  Hellion  
  52  4:49  Hellion  
  52  4:51  Marauder  
  52  4:52  SCV  
  57  4:56  Liberator  
  57  4:58  SCV x2  
  62  5:04  SCV  
  62  5:05  Refinery, Hellion  
  65  5:11  Refinery, SCV x2  
  67  5:16  SCV  
  68  5:23  SCV x2  
  66  5:40  Widow Mine x2  
  66  5:42  Viking  
  72  5:47  Barracks  
  72  5:52  Barracks x2  
  72  5:55  Barracks  
  72  6:16  Missile Turret  
  72  6:17  Viking  
  74  6:19  Missile Turret  
  74  6:36  Marauder  
  73  6:40  Barracks Reactor, Missile Turret  
  73  6:42  Barracks Reactor x2, Barracks  
  73  6:45  Marine  
  74  6:47  Viking  
  76  6:57  Marauder  
  64  7:10  Marine  
  65  7:19  Marauder  
  63  7:28  Marine  
  64  7:39  Marine, Command Center  
  64  7:40  Marauder, Marine x5  
  64  7:42  Command Center  
  72  7:45  Widow Mine x2  
  72  7:46  Marine  
  72  7:48  Medivac  
  79  7:53  Missile Turret  
  79  7:55  Missile Turret  
  79  7:57  Marine x2  
  79  7:58  Marine x4, Missile Turret  
  83  7:59  Terran Infantry Armor Level 1  
  83  8:02  Marauder  
  83  8:03  Engineering Bay  
  88  8:06  Widow Mine, Armory  
  88  8:07  Widow Mine  
  88  8:10  Armory  
  88  8:12  Barracks Tech Lab  
  91  8:13  Barracks Tech Lab  
  91  8:15  Marine  
  91  8:16  Marine x4  
  91  8:18  Medivac  
  98  8:22  SCV x3  
  101  8:30  Supply Depot  
  101  8:32  Supply Depot  
  101  8:37  Supply Depot  
  101  8:40  Supply Depot  
  101  8:44  Supply Depot  
  101  8:50  SCV x2  
  101  8:51  Marauder  
  105  8:56  Missile Turret  
  105  9:00  Missile Turret  
  105  9:05  SCV, Missile Turret  
  106  9:12  Orbital Command, Marauder  
  106  9:15  Planetary Fortress  
  106  9:17  SCV x3  
  111  9:27  Marauder, Marine x3  
  111  9:29  SCV x3  
  119  9:34  Marauder  
  121  9:41  SCV, Marine  
  121  9:42  Marine x2  
  121  9:45  Marine x2  
  125  9:47  Combat Shield  
  125  9:49  Marauder, Concussive Shells  
  125  9:52  Terran Infantry Weapons Level 1  
  129  9:54  Terran Vehicle And Ship Armor Level 1, Terran Vehicle Weapons Level 1  
  129  9:55  Marauder  
  131  10:10  Marauder  
  133  10:16  Marauder  
  135  10:32  Marauder  
  126  10:55  Marauder x2  
  126  10:56  Marine  
  111  11:02  Marine x5  
  90  11:08  Starport Reactor  
  90  11:09  Marauder  
  86  11:12  Terran Infantry Armor Level 2  
  86  11:14  Marine  
  86  11:15  SCV x4  
  86  11:16  SCV  
  86  11:17  Marauder x2  
  96  11:19  Marine  
  96  11:20  Marine x4  
  101  11:27  Widow Mine x2, SCV  
  101  11:28  SCV x4  
  101  11:30  Marine  
  101  11:31  Factory, Marine  
  101  11:32  Factory x2  
  112  11:37  Marine  
  112  11:38  Marauder x2, Command Center  
  112  11:39  SCV  
  118  11:40  SCV x4  
  122  11:48  Widow Mine x2, Marauder  
  122  11:51  SCV  
  122  11:52  SCV x4  
  133  11:59  Marauder  
  133  12:00  Marauder  
  137  12:03  SCV  
  137  12:04  SCV x2  
  138  12:35  Refinery  
  138  12:37  Refinery, Terran Infantry Weapons Level 2  
  138  12:39  Terran Vehicle And Ship Armor Level 2, Terran Vehicle Weapons Level 2  
  138  12:41  Factory Tech Lab x3  
  138  12:46  Marauder x3  
  138  12:47  Marine  
  138  12:48  Marine x5  
  138  12:49  Refinery  
  138  12:50  Refinery  
  150  12:54  Planetary Fortress  
  150  12:57  Missile Turret  
  150  13:04  Missile Turret x2  
  150  13:05  Marine, Missile Turret  
  150  13:06  Marine x5, Missile Turret  
  150  13:07  Marine  
  150  13:08  Marauder x2  
  150  13:10  Missile Turret  
  161  13:17  Thor x3  
  161  13:18  Missile Turret  
  179  13:23  Marine  
  179  13:24  Marine x5  
  179  13:25  Missile Turret  
  185  13:31  Missile Turret, Supply Depot  
  185  13:32  Supply Depot  
  185  13:34  Supply Depot  
  185  13:37  Missile Turret  
  185  13:39  Medivac  
  185  13:40  Marauder x3  
  185  13:41  Marine  
  194  13:51  Missile Turret  
  194  13:56  Missile Turret  
  194  13:57  Supply Depot x2  
  194  13:58  Supply Depot  
  194  14:00  Thor  
  134  14:20  Missile Turret, Supply Depot  
  134  14:21  Marauder  
  134  14:22  Marauder x2, Marine x6  
  136  14:33  Thor x2  
  131  14:39  Marine  
  131  14:40  Marine x5, Missile Turret  
  131  14:42  Marauder  
  131  14:43  Marauder x2, Thor  
  146  14:57  Marine  
  146  14:58  Marine x5  
  143  15:02  Missile Turret  
  143  15:04  Marauder x3  
  144  15:07  SCV  
  144  15:15  Marine  
  144  15:16  Marine x5  
  144  15:19  SCV  
  157  15:26  Marauder x2  
  157  15:31  SCV  
  157  15:33  Marine x3  
  157  15:34  Marine x3  
  157  15:35  Command Center  
  133  15:43  SCV  
  133  15:45  Factory  
  133  15:46  Factory  
  133  15:47  Marauder x2  
  135  15:51  Factory, Marine x6  
  135  15:55  SCV  
  135  15:56  Terran Vehicle And Ship Armor Level 3, Terran Vehicle Weapons Level 3  
  116  16:07  SCV  
  116  16:08  Marine  
  116  16:09  Marine x4  
  103  16:19  SCV  
  100  16:25  Barracks x2  
  100  16:27  Marine x2  
  100  16:28  Barracks  
  100  16:29  Factory  
  100  16:31  SCV  
  100  16:32  Factory Tech Lab  
  100  16:33  Factory Tech Lab  
  82  16:51  Supply Depot  
  82  16:52  Supply Depot  
  82  16:53  Supply Depot  
  79  16:55  Thor x2  
  79  16:56  Supply Depot  
  79  16:57  Factory Tech Lab  
  87  17:16  Orbital Command, Supply Depot  
  87  17:20  SCV x2  
  87  17:21  Supply Depot  
  89  17:24  Factory Tech Lab  
  89  17:26  Thor  
  95  17:32  SCV x2  
  97  17:38  Thor x2  
  109  17:44  SCV x2  
  109  17:46  Refinery  
  109  17:48  Refinery  
  109  17:50  Thor  
  117  17:56  SCV  
  117  17:57  SCV  
  119  18:00  Barracks Reactor x3  
  119  18:08  SCV, Thor  
  119  18:09  SCV  
  127  18:12  Command Center  
  127  18:21  Thor x2  
  139  18:33  Thor  
  139  18:34  Refinery x2  
  135  18:51  Thor  
  135  18:54  Marine  
  137  18:57  Marine  
  136  19:03  Thor  
  136  19:04  Thor  
  138  19:23  Thor  
  135  19:26  SCV  
  135  19:29  SCV  
  136  19:45  Supply Depot  
  136  19:59  Supply Depot  
  136  20:00  Supply Depot  
  136  20:01  Supply Depot  
  136  20:03  Supply Depot  
  136  20:04  Barracks  
  136  20:05  Supply Depot  
  136  20:06  Supply Depot  
  136  20:09  Supply Depot  
  137  20:21  SCV x2  
  138  20:32  Supply Depot  
  138  20:33  SCV x2  
  140  20:45  SCV x2  
  142  20:55  Supply Depot  
  142  20:57  SCV x2  
  144  21:20  Supply Depot  
Show
View Real Time Build Order
Export as new Build Order

qqq Zerg - Winner!

Build Orders: Hatch First, Roach Hydra, Swarm Host 

Get SALT Encoding   

  12  0:00  Drone  
  13  0:08  Drone  
  14  0:38  Hatchery  
  14  0:42  Drone  
  14  0:58  Spawning Pool  
  14  1:04  Overlord  
  13  1:09  Drone  
  14  1:13  Extractor  
  14  1:15  Drone  
  14  1:23  Drone  
  15  1:33  Drone  
  15  1:39  Drone  
  17  1:49  Drone  
  17  1:52  Drone  
  19  1:59  Drone  
  20  2:03  Queen  
  22  2:14  Drone, Queen  
  25  2:20  Drone x2  
  28  2:22  Zergling x2  
  28  2:34  Metabolic Boost  
  28  2:37  Overlord  
  28  2:50  Drone  
  28  2:51  Overlord  
  28  2:55  Drone  
  28  2:56  Drone  
  28  2:57  Overlord  
  31  3:05  Drone  
  31  3:06  Roach Warren  
  31  3:09  Drone  
  31  3:17  Drone  
  33  3:20  Drone  
  33  3:23  Drone  
  33  3:24  Drone  
  33  3:25  Drone x2  
  33  3:26  Drone  
  38  3:28  Drone  
  38  3:30  Drone  
  38  3:33  Drone  
  41  3:38  Extractor  
  40  3:52  Extractor  
  40  3:54  Extractor  
  38  3:55  Lair  
  38  3:57  Drone x2  
  38  3:58  Drone x3  
  42  4:03  Drone x3  
  42  4:08  Roach  
  47  4:19  Drone x3  
  50  4:27  Overlord x3  
  50  4:28  Overlord  
  50  4:29  Overlord  
  50  4:36  Roach  
  52  4:46  Roach x4  
  52  4:47  Roach  
  52  4:48  Ravager  
  52  4:52  Glial Reconstitution  
  63  4:54  Roach x2  
  69  5:07  Roach  
  69  5:10  Ravager x4  
  69  5:11  Ravager  
  74  5:15  Roach x2  
  74  5:16  Roach  
  74  5:17  Roach  
  82  5:46  Drone  
  82  5:47  Roach x4  
  82  5:48  Hydralisk Den  
  90  5:50  Hatchery x2  
  88  5:58  Roach  
  88  5:59  Roach  
  88  6:03  Overlord  
  88  6:04  Overlord x2  
  92  6:16  Overlord  
  92  6:17  Overlord x2  
  92  6:22  Overlord x2  
  92  6:31  Ravager x4  
  92  6:32  Ravager x3  
  99  6:33  Roach  
  99  6:34  Roach  
  68  7:18  Roach x5  
  68  7:19  Drone x4, Roach  
  68  7:31  Drone  
  68  7:32  Drone, Hydralisk x2  
  68  7:35  Muscular Augments  
  72  7:38  Drone x2  
  72  7:39  Queen  
  72  7:40  Queen  
  78  7:45  Hydralisk x2  
  82  7:53  Evolution Chamber  
  82  7:54  Drone  
  82  7:56  Hydralisk, Evolution Chamber  
  82  7:57  Drone x4  
  87  8:03  Hydralisk x2  
  91  8:09  Spore Crawler  
  91  8:12  Spore Crawler  
  89  8:14  Spore Crawler  
  89  8:16  Spore Crawler  
  89  8:17  Drone x3  
  89  8:18  Hydralisk x4  
  98  8:20  Hydralisk  
  100  8:28  Hydralisk  
  100  8:29  Hydralisk  
  100  8:30  Drone x3  
  107  8:34  Zerg Missile Weapons Level 1  
  107  8:37  Zerg Ground Armor Level 1  
  107  8:40  Drone x2  
  107  8:41  Hydralisk  
  109  8:46  Grooved Spines  
  109  8:47  Hydralisk x2  
  115  8:51  Drone x2  
  115  8:55  Hydralisk x2  
  119  8:57  Drone x2  
  119  8:58  Drone x2  
  119  8:59  Drone  
  119  9:00  Drone  
  127  9:04  Extractor  
  127  9:05  Extractor, Ravager  
  127  9:08  Hydralisk  
  127  9:09  Drone  
  130  9:10  Drone  
  130  9:13  Extractor  
  130  9:14  Spine Crawler  
  130  9:15  Extractor  
  127  9:19  Drone x2  
  127  9:20  Hydralisk  
  131  9:25  Hatchery  
  130  9:35  Drone x2, Hydralisk x3  
  130  9:36  Hydralisk x2  
  130  9:37  Hydralisk  
  144  9:53  Drone x4  
  144  9:54  Drone x2, Hydralisk x2  
  144  9:55  Hydralisk x3  
  160  10:03  Overlord x4  
  160  10:24  Infestation Pit, Roach  
  160  10:25  Roach x7  
  160  10:26  Drone x6  
  113  11:02  Hydralisk x2  
  113  11:03  Swarm Host x6  
  127  11:05  Swarm Host x4  
  127  11:09  Hydralisk x2  
  138  11:11  Drone x2  
  138  11:12  Drone x3  
  143  11:21  Drone  
  143  11:25  Drone  
  145  11:27  Spore Crawler  
  145  11:31  Spine Crawler  
  143  11:38  Nydus Network  
  142  11:42  Hatchery  
  141  11:50  Roach x4  
  141  11:51  Roach x8  
  141  11:52  Roach x2  
  167  12:00  Hydralisk x2  
  169  12:01  Roach x2  
  169  12:02  Roach x3  
  179  12:13  Hydralisk  
  179  12:14  Hydralisk x3  
  187  12:16  Hydralisk x2  
  191  12:36  Hive  
  191  12:40  Zerg Ground Armor Level 2  
  191  12:41  Zerg Missile Weapons Level 2  
  191  12:42  Lurker Den  
  190  12:47  Nydus Canal  
  190  12:49  Hydralisk  
  192  12:51  Overlord x3  
  192  12:52  Overlord x3  
  192  12:56  Drone  
  175  13:27  Hydralisk x3  
  175  13:28  Hydralisk x8  
  175  13:29  Hydralisk  
  175  13:31  Nydus Canal  
  175  13:34  Drone  
  200  13:49  Nydus Canal  
  200  13:54  Hydralisk  
  170  14:33  Nydus Canal  
  144  14:47  Hydralisk x5  
  144  14:48  Hydralisk x7  
  144  14:49  Hydralisk x3  
  144  14:50  Drone x3  
  174  14:56  Zerg Melee Weapons Level 1  
  157  15:10  Overlord x2  
  157  15:11  Overlord x3  
  143  15:30  Nydus Canal  
  127  16:19  Hydralisk x5  
  127  16:20  Hydralisk x3  
  127  16:21  Hydralisk  
  145  16:31  Viper x2  
  151  16:32  Viper  
  146  17:00  Overlord x2  
  146  17:01  Overlord x4  
  142  17:10  Hydralisk Den  
  142  17:12  Spire  
  142  17:13  Lair  
  131  17:37  Hatchery  
  124  18:16  Overlord  
  124  18:17  Overlord x2  
  124  18:18  Overlord x3  
  105  19:18  Hatchery  
  104  19:25  Overlord x4  
  104  19:26  Overlord x2  
  101  19:56  Overlord x2  
  57  20:33  Drone  
  57  20:34  Drone x3  
  52  20:55  Drone x2  
  52  20:56  Drone  
  52  20:57  Drone  
Tags
 
Add a new tag
Caveats
  • Supply blocks, unpowered buildings, or Contaminate may cause inaccurate times.
  • Supply counts are checked every 10 seconds.